 Dungeon Crawl Stone Soup version 0.29-a0-330-g52719c12eb (webtiles) character file.

Game seed: 7532623152139794616

97533 Aelig the Eclecticist (level 15, -14/105 HPs)
             Began as a Mummy Summoner on May 12, 2022.
             Was a High Priest of Sif Muna.
             Hit by a silver javelin thrown by a merfolk javelineer (28 damage)
             ... on level 1 of the Shoals on May 13, 2022.
             The game lasted 02:29:50 (34842 turns).

Aelig the Eclecticist (Mummy Summoner)             Turns: 34842, Time: 02:29:50

Health: -14/105    AC:  8    Str: 11    XL:     15   Next: 72%
Magic:  29/35      EV: 10    Int: 23    God:    Sif Muna [*****.]
Gold:   1472       SH: 11    Dex: 12    Spells: 5/47 levels left

rFire   + . .      SeeInvis .   d - +1 flail "Fooblov" {speed, Fly rPois Stlth+}
rCold   + + .      Faith    .   K - +2 kite shield
rNeg    + + +      Spirit   .   p - +2 robe {rC+ rF+}
rPois   ∞          Reflect  .   H - +2 helmet
rElec   .          Harm     .   u - +0 cloak
rCorr   .          Rampage  .   (no gloves)
Will    +....                   (no boots)
Stlth   +++.......              L - amulet of the acrobat
HPRegen 0.27/turn               h - ring of wizardry
MPRegen 0.24/turn               g - ring of protection from fire

@: flying
A: cold resistance 1, negative energy resistance 3, torment resistance 2, heat
vulnerability 1, in touch with death 2, no potions
a: Renounce Religion, Channel Magic, Forget Spell, Divine Exegesis


You were on level 1 of the Shoals.
You worshipped Sif Muna.
Sif Muna was extremely pleased with you.
You visited 6 branches of the dungeon, and saw 26 of its levels.

You collected 1686 gold pieces.
You spent 214 gold pieces at shops.

Inventory:

Hand Weapons
 a - a +1 vampiric trident
 b - the +6 short sword of the Eternal Void {vorpal, rElec}
   (You found it on level 6 of the Dungeon)

   It inflicts extra damage upon your enemies.
   rElec:     It insulates you from electricity.
 c - a +0 shortbow of freezing
 d - the +1 flail "Fooblov" (weapon) {speed, Fly rPois Stlth+}
   (You found it on level 15 of the Dungeon)

   Attacks with this weapon are significantly faster.
   rPois:     It protects you from poison.
   Fly:       It grants you flight.
   Stlth:     It makes you more stealthy.
Missiles
 w - 699 stones
 A - 5 throwing nets
Armour
 p - a +2 robe of resistance (worn)
 u - a +0 cloak (worn)
 H - a +2 helmet (worn)
 I - the +2 robe of Ajuehi {rElec Str+3 Dex+2}
   (You found it on level 14 of the Dungeon)

   Str:       It affects your strength (+3).
   Dex:       It affects your dexterity (+2).
   rElec:     It insulates you from electricity.
 K - a +2 kite shield (worn)
Magical Staves
 D - a staff of death
Jewellery
 e - a +4 ring of protection
 g - a ring of protection from fire (right hand)
 h - a ring of wizardry (left hand)
 B - a ring of see invisible
 L - an amulet of the acrobat (around neck)
Wands
 k - a wand of iceblast (8)
 l - a wand of paralysis (2)
 n - a wand of polymorph (14)
 o - a wand of mindburst (11)
 v - a wand of flame (69)
 E - a wand of acid (5)
Scrolls
 f - 3 scrolls of enchant weapon
 i - 9 scrolls of teleportation
 j - 2 scrolls of holy word
 m - 3 scrolls of amnesia
 q - 2 scrolls of vulnerability
 r - 3 scrolls of fog
 t - 2 scrolls of fear
 x - 4 scrolls of enchant armour
 y - 3 scrolls of identify
 z - 3 scrolls of immolation
 C - 2 scrolls of torment
 F - 2 scrolls of brand weapon
 G - a scroll of magic mapping
 J - a scroll of silence {unknown}


   Skills:
 - Level 6.0 Fighting
 - Level 1.5 Dodging
 - Level 1.5 Stealth
 * Level 6.6 Shields
 + Level 16.8 Spellcasting
 - Level 2.0 Hexes
 - Level 16.0 Summonings
 - Level 5.0 Translocations
 - Level 2.0 Ice Magic
 - Level 5.0 Air Magic
 - Level 2.0 Poison Magic
 - Level 9.0 Invocations


You had 5 spell levels left.
You knew the following spells:

 Your Spells              Type           Power      Damage    Failure   Level
a - Summon Small Mammal   Summ           100%       N/A       0%          1
b - Call Imp              Summ           75%        N/A       0%          2
c - Call Canine Familiar  Summ           75%        N/A       1%          3
d - Summon Guardian Gole  Hex/Summ       57%        N/A       1%          3
e - Poisonous Vapours     Pois/Air       70%        N/A       1%          2
f - Summon Lightning Spi  Summ/Air       61%        N/A       1%          4
g - Blink                 Tloc           84%        N/A       1%          2
h - Portal Projectile     Hex/Tloc       70%        N/A       2%          3
i - Summon Hydra          Summ           37%        N/A       3%          7
j - Summon Mana Viper     Hex/Summ       57%        N/A       1%          5
k - Summon Cactus Giant   Summ           37%        N/A       1%          6
l - Summon Ice Beast      Ice/Summ       57%        N/A       1%          4

Your spell library contained the following spells:

 Spells                   Type           Power      Damage    Failure   Level
 Shock                    Conj/Air       100%       1d9       1%          1
 Slow                     Hex            100%       N/A       1%          1
 Sting                    Tmut/Pois      96%        1d7       1%          1
 Gell's Gravitas          Tloc           42%        N/A       1%          3
 Lesser Beckoning         Tloc           42%        N/A       1%          3
 Swiftness                Air            42%        N/A       1%          3
 Teleport Other           Tloc           42%        N/A       1%          3
 Animate Armour           Summ/Erth      100%       N/A       1%          4
 Summon Forest            Summ/Tloc      30%        N/A       1%          5
 Foxfire                  Conj/Fire      76%        2x1d7     3%          1
 Pain                     Necr           100%       1d9       3%          1
 Mephitic Cloud           Conj/Pois/Air  30%        N/A       3%          3
 Passwall                 Tmut/Erth      15%        N/A       4%          2
 Scorch                   Fire           38%        2d6       4%          2
 Confusing Touch          Hex            28%        N/A       4%          3
 Airstrike                Air            21%        N/A       4%          4
 Ignite Poison            Fire/Tmut/Pois 22%        N/A       7%          3
 Vampiric Draining        Necr           43%        2d9       9%          3
 Manifold Assault         Tloc           42%        N/A       11%         5
 Olgreb's Toxic Radiance  Pois           28%        N/A       13%         4
 Anguish                  Hex/Necr       26%        N/A       19%         4
 Leda's Liquefaction      Hex/Erth       12%        N/A       19%         4
 Flame Wave               Conj/Fire      19%        2d6       28%         4
 Petrify                  Tmut/Erth      19%        N/A       28%         4
 Freezing Cloud           Conj/Ice/Air   15%        6-21      30%         5
 Metabolic Englaciation   Hex/Ice        14%        N/A       32%         5
 Alistair's Intoxication  Tmut/Pois      16%        N/A       45%         5
 Yara's Violent Unravell  Hex/Tmut       12%        3d7       45%         5
 Agony                    Necr           43%        N/A       58%         5
 Excruciating Wounds      Necr           21%        N/A       58%         5
 Monstrous Menagerie      Summ           37%        N/A       3%          7
 Summon Horrible Things   Summ           37%        N/A       26%         8
 Malign Gateway           Summ/Tloc      30%        N/A       32%         7
 Dispersal                Tloc           21%        N/A       47%         6
 Dragon's Call            Summ           37%        N/A       98%         9
 Enfeeble                 Hex            14%        N/A       100%        7
 Statue Form              Tmut/Erth      Unusable   N/A       N/A         6

Dungeon Overview and Level Annotations

Branches:
Dungeon (15/15)            Temple (1/1) D:7            Lair (6/6) D:11
 Shoals (1/4) Lair:3        Snake (1/4) Lair:2        Slime (0/5) Lair:6
    Orc (2/2) D:11            Elf (0/3) Orc:2        Vaults (0/5) D:13
 Depths (0/4) D:15

Altars:
Dithmenos
Elyvilon
Fedhas
Hepliaklqana
Kikubaaqudgha
Ru
Sif Muna
Vehumet
Beogh

Shops:
D:4 ?   Orc:1 :   Orc:2 *[(:

Annotations:
D:4 Pikel
Lair:5 exclusion: fire dragon
Snake:1 Louise


Innate Abilities, Weirdness & Mutations

You are immune to poison.
Your flesh is cold resistant. (rC+)
You are immune to negative energy. (rN+++)
You are immune to unholy pain and torment.
You are vulnerable to heat. (rF-)
You are strongly in touch with the powers of death.
You do not drink.


Message History

A merfolk javelineer comes into view.
It is wielding a +3 vorpal spear and quivering silver javelins.
The merfolk javelineer shouts!
The merfolk javelineer throws a silver javelin.
The silver javelin barely misses you.
The merfolk javelineer throws a silver javelin.
The silver javelin pierces through you!!
Casting: Summon Mana Viper (dangerous; 1% risk of failure)
Confirm with . or Enter, or press ? or * to list all spells.
The merfolk javelineer throws a silver javelin.
The silver javelin pierces through you!
The merfolk javelineer throws a silver javelin.
The silver javelin barely misses you.
Casting: Summon Cactus Giant (dangerous; 1% risk of failure)
Confirm with . or Enter, or press ? or * to list all spells.
A chill wind blows around you.
The merfolk javelineer throws a silver javelin.
The silver javelin pierces through you!!
The merfolk javelineer throws a silver javelin.
The silver javelin pierces through you!
* * * LOW HITPOINT WARNING * * *
Okay, then.
As you read the scroll of fog, it crumbles to dust.
The scroll dissolves into smoke.
The merfolk javelineer throws a silver javelin.
The silver javelin misses you.
As you read the scroll of fear, it crumbles to dust.
You assume a fearsome visage.
The merfolk javelineer resists with some effort.
The merfolk javelineer shouts!
The merfolk javelineer throws a silver javelin.
The silver javelin pierces through your ice beast!!
The silver javelin pierces through you!
* * * LOW HITPOINT WARNING * * *
x2 Blink to where?
Press: ? - help, Dir - move target
As you read the scroll of blinking, it crumbles to dust.
There is a staircase back to the Lair here.
The merfolk javelineer throws a silver javelin.
The silver javelin pierces through you!!
You die...

≈≈≈≈.....#.≈≈≈≈≈≈≈≈≈
≈≈≈≈≈......≈≈≈≈≈≈≈≈≈
≈≈≈≈≈≈≈≈....≈≈≈≈≈≈≈.
≈≈≈≈≈≈≈≈≈.)≈≈≈≈≈≈≈≈.#
≈≈≈≈≈≈≈≈≈≈..≈≈≈≈≈≈..#
≈≈≈≈≈≈≈≈≈≈≈≈≈≈≈≈≈≈..### #
≈≈≈≈≈≈≈≈≈≈....≈≈≈≈....## ##
≈≈≈≈≈≈≈≈≈)≈÷###>........###.
≈≈≈≈≈≈≈≈≈≈≈@# #....≈≈≈......
≈≈≈≈≈≈≈≈≈≈≈.###..≈≈≈≈≈≈≈.§§≈
≈≈≈≈≈≈≈≈≈≈≈≈....≈≈≈≈≈≈≈≈§§§§
≈≈≈≈≈≈≈≈≈≈≈≈≈≈≈≈≈≈≈≈≈≈≈≈§≈§§
≈≈≈≈≈≈≈≈≈≈≈≈≈≈≈≈≈≈≈≈≈≈≈≈≈≈§m
≈≈≈≈≈≈≈≈≈≈≈≈≈≈≈≈≈≈≈≈≈≈≈≈≈Y§§
≈≈≈≈≈≈≈≈≈≈≈≈≈≈≈≈m≈≈≈≈≈≈§≈≈§§
≈≈≈≈≈≈≈≈≈≈≈≈≈≈≈≈≈≈≈≈≈≈≈≈≈§§≈
≈≈≈≈≈≈≈≈≈≈≈≈≈≈≈≈≈≈≈≈≈≈≈≈≈≈≈§


You could see a merfolk javelineer.

Vanquished Creatures
  2 hydras
  A manticore (D:12)
  2 black mambas (Lair:2)
  2 cane toads (Lair:2)
  A torpor snail (Lair:3)
  A kobold demonologist (D:9)
  A nameless horror (D:11)
  Psyche (D:8)
  A rime drake (Lair:5)
  A troll (D:7)
  2 blink frogs
  3 slime creatures
  2 yaks
  A wyvern (D:9)
  2 steam dragons
  A vampire mosquito (D:12)
  5 water moccasins
  An ice beast (D:5)
  An orc warrior (D:10)
  An ogre (Orc:2)
  4 wolves
  2 centaurs
  Blork the orc (D:6)
  2 bullfrogs (D:7)
  A necrophage (D:5)
  A scorpion (D:4)
  6 killer bees
  A howler monkey (D:5)
  A hound (D:4)
  2 orc priests
  2 iguanas
  4 orc wizards (D:6)
  An adder (D:3)
  A shadow imp (D:6)
  2 white imps
  An ufetubus (D:5)
  2 dart slugs
  10 orcs
  5 ball pythons
  4 endoplasms
  4 giant cockroaches
  A hobgoblin (D:4)
  2 kobolds (D:6)
  4 quokkas
  A bat (D:2)
  A frilled lizard (D:2)
  8 goblins
  4 rats
110 creatures vanquished.

Vanquished Creatures (collateral kills)
  Jorgrun (D:15)
  A juggernaut zombie (D:15)
  2 orc warlords
  Azrael (Orc:2)
  Josephine (Orc:2)
  A vault guard (D:13)
  7 hydras
  Erolcha (D:11)
  3 centaur warriors
  Harold (D:10)
  2 boulder beetles
  2 two-headed ogres
  3 death yaks (Lair:4)
  A tengu warrior (D:12)
  2 orc high priests (Orc:2)
  Amaemon (Lair:3)
  2 skeletal warriors (D:15)
  A flayed ghost (D:15)
  3 wizards (D:13)
  2 necromancers
  26 ugly things
  2 harpies (Shoals:1)
  6 orc knights
  3 orc sorcerers (Orc:2)
  3 manticores
  A frost giant zombie (D:15)
  5 cyclopes
  A merfolk siren (Shoals:1)
  Maurice (D:8)
  5 black mambas
  An orange demon (Lair:3)
  A water nymph (Shoals:1)
  A frost giant skeleton (D:15)
  11 cane toads
  9 rime drakes (Lair:5)
  2 gargoyles
  3 komodo dragons
  5 kobold demonologists
  2 freezing wraiths (D:15)
  3 efreet (D:14)
  A troll (Orc:2)
  A merfolk (Shoals:1)
  5 blink frogs
  6 dream sheep (Lair:5)
  13 slime creatures
  A shadow (D:12)
  22 yaks
  2 wyverns
  2 fire elementals (Orc:2)
  17 humans (D:13)
  8 wraiths
  2 basilisks
  Grum (D:10)
  3 steam dragons
  3 vampire mosquitoes (D:12)
  A harpy simulacrum (D:15)
  3 acid dragons
  4 wargs
  6 hell hounds (Orc:2)
  12 water moccasins
  A black bear (D:7)
  3 ice beasts (D:6)
  3 ogres
  28 orc warriors
  14 centaurs
  5 kobold brigands
  4 wolves
  A phantom (D:6)
  A gnoll sergeant (D:10)
  6 bullfrogs
  A scorpion (D:4)
  2 wights (D:7)
  15 killer bees
  2 howler monkeys (D:9)
  Crazy Yiuf (D:5)
  16 orc priests
  Jessica (D:2)
  26 orc wizards
  Robin (D:4)
  5 gnolls
  A shadow imp (D:4)
  2 ufetubi
  A worm (D:2)
  A dart slug (D:2)
  48 orcs
  2 ball pythons (D:1)
  3 endoplasms (D:1)
  2 giant cockroaches (D:1)
  11 goblins
  9 hobgoblins
  4 jackals (D:1)
  3 bats
  3 frilled lizards (D:1)
  13 kobolds
  3 rats
484 creatures vanquished.

Vanquished Creatures (others)
  A hydra (Lair:2)
  A death knight (D:15)
  A centaur warrior (D:13)
  A death yak (Lair:4)
  Sonja (D:11)
  A harpy (Shoals:1)
  An ugly thing (D:15)
  A stone giant zombie (D:15)
  An orc sorcerer (Orc:2)
  A manticore (D:11)
  A black mamba (Lair:1)
  3 cane toads
  A komodo dragon (Lair:3)
  2 rime drakes (Lair:5)
  A troll (D:13)
  A polar bear (Lair:5)
  3 dream sheep (Lair:5)
  A blink frog (Lair:3)
  A human (D:13)
  10 yaks
  A basilisk (D:15)
  2 steam dragons (Lair:5)
  2 vampire mosquitoes (D:12)
  4 water moccasins
  9 orc warriors
  A centaur (D:9)
  3 killer bees
  2 orc priests
  3 orc wizards
  3 gnolls (D:7)
  4 orcs
  33 fungi
  54 plants
  5 withered plants (D:15)
160 creatures vanquished.

Grand Total: 754 creatures vanquished

Notes
Turn   | Place    | Note
-------+----------+-------------------------------------------
     0 | D:1      | Aelig the Mummy Summoner began the quest for the Orb.
     0 | D:1      | Reached XP level 1. HP: 13/13 MP: 4/4
   265 | D:1      | Reached XP level 2. HP: 14/19 MP: 2/5
   449 | D:1      | Learned a level 2 spell: Call Imp
   958 | D:1      | Gained mutation: You are in touch with the powers of death.
                  | [Mummy growth]
   958 | D:1      | Reached XP level 3. HP: 24/24 MP: 2/7
  1496 | D:2      | Noticed Jessica
  1507 | D:2      | Killed Jessica
  1562 | D:2      | Reached XP level 4. HP: 28/30 MP: 4/8
  1579 | D:2      | Found a faded altar of an unknown god.
  1660 | D:2      | Learned a level 3 spell: Call Canine Familiar
  1699 | D:2      | Identified the +9 war axe of Frustration {vorpal, Dex+2}
  2582 | D:3      | Reached skill level 5 in Summonings
  2635 | D:3      | Found Jomupt's Weapon Shop.
  2641 | D:3      | You fall into a shaft and drop 3 floors!
  2641 | D:6      | Noticed Blork the orc
  2653 | D:6      | Identified the +6 short sword of the Eternal Void {vorpal,
                  | rElec}
  2746 | D:6      | Killed Blork the orc
  2747 | D:6      | Reached XP level 5. HP: 17/35 MP: 3/9
  2931 | D:6      | Noticed a phantom
  2942 | D:6      | Killed a phantom
  2983 | D:6      | Noticed an ice beast
  2991 | D:6      | Killed an ice beast
  2992 | D:6      | Reached XP level 6. HP: 41/41 MP: 6/10
  3022 | D:6      | Noticed an ice beast
  3038 | D:6      | Killed an ice beast
  3051 | D:6      | Noticed a steam dragon
  3175 | D:6      | Reached XP level 7. HP: 45/46 MP: 5/11
  3312 | D:5      | Entered Level 5 of the Dungeon
  3596 | D:4      | Found a sacrificial altar of Ru.
  3624 | D:4      | Identified the +1 ring mail "Vuvuos" {rC- rN+ Int-3 Dex+6}
  3824 | D:4      | Noticed Robin
  3843 | D:4      | Killed Robin
  3879 | D:4      | Found Qagrul's Magic Scroll Emporium.
  4146 | D:4      | Noticed Pikel
  4453 | D:5      | Found a runed translucent door.
  4454 | D:5      | Noticed Crazy Yiuf
  4477 | D:5      | Killed Crazy Yiuf
  4599 | D:5      | Learned a level 3 spell: Summon Guardian Golem
  4961 | D:5      | Reached XP level 8. HP: 50/52 MP: 3/12
  5656 | D:6      | Found a radiant altar of Vehumet.
  5674 | D:6      | Got Vehumet's Tome of Conjuration
  5708 | D:6      | Found an ancient bone altar of Kikubaaqudgha.
  5726 | D:6      | Found a shimmering blue altar of Sif Muna.
  5786 | D:6      | Became a worshipper of Sif Muna the Loreminder
  5950 | D:6      | Reached skill level 1 in Invocations
  6288 | D:7      | Found a staircase to the Ecumenical Temple.
  6616 | D:7      | Reached XP level 9. HP: 57/57 MP: 8/15
  6944 | D:7      | Noticed a cyclops
  6981 | Temple   | Entered the Ecumenical Temple
  7259 | D:7      | Noticed a cyclops
  7264 | D:7      | Noticed a gargoyle
  7290 | D:7      | Noticed a troll
  7309 | D:7      | Killed a troll
  7310 | D:7      | Reached skill level 10 in Summonings
  7310 | D:7      | Reached skill level 5 in Invocations
  7588 | D:7      | Learned a level 2 spell: Poisonous Vapours
  7999 | D:7      | Noticed a gargoyle
  8289 | D:8      | Noticed Psyche
  8306 | D:8      | Killed Psyche
  8307 | D:8      | Reached skill level 1 in Air Magic
  8307 | D:8      | Reached skill level 1 in Poison Magic
  8522 | D:8      | Reached * piety under Sif Muna
  8661 | D:8      | Learned a level 4 spell: Summon Lightning Spire
  9124 | D:8      | Reached XP level 10. HP: 44/63 MP: 11/16
  9393 | D:8      | Noticed Maurice
  9534 | D:8      | Killed Maurice
 10130 | D:9      | Reached skill level 5 in Air Magic
 10401 | D:9      | Found the +13 scythe of Curses {drain, Drain}
 10426 | D:9      | Reached ** piety under Sif Muna
 10445 | D:9      | Reached skill level 5 in Spellcasting
 10757 | D:9      | Found a shadowy altar of Dithmenos.
 11182 | D:10     | Entered Level 10 of the Dungeon
 11330 | D:10     | Reached XP level 11. HP: 60/68 MP: 12/21
 11550 | D:10     | Noticed Grum
 11562 | D:10     | Killed Grum
 12814 | D:10     | Found a blossoming altar of Fedhas.
 13458 | D:11     | Noticed a white ugly thing
 13616 | D:11     | Noticed a four-headed hydra
 13619 | D:11     | Noticed Harold
 13945 | D:11     | Noticed Sonja
 14350 | D:10     | Killed Harold
 14350 | D:10     | Reached *** piety under Sif Muna
 14698 | D:11     | Killed Sonja
 14704 | D:11     | Killed a four-headed hydra
 14887 | D:11     | Learned a level 2 spell: Blink
 14898 | D:11     | Found a hazy altar of Hepliaklqana.
 15236 | D:11     | Killed Erolcha
 15237 | D:11     | Reached skill level 1 in Translocations
 15727 | D:11     | Found a staircase to the Lair.
 15810 | D:11     | Killed a white ugly thing
 15848 | D:11     | Noticed a soul eater
 16108 | D:11     | Found a staircase to the Orcish Mines.
 16412 | Lair:1   | Entered Level 1 of the Lair of Beasts
 16489 | Lair:1   | Reached XP level 12. HP: 37/74 MP: 12/24
 17023 | Lair:1   | Learned a level 3 spell: Portal Projectile
 18042 | Lair:2   | Reached **** piety under Sif Muna
 18519 | Lair:2   | Reached skill level 5 in Translocations
 18826 | Lair:2   | Found a staircase to the Snake Pit.
 19018 | Lair:2   | Noticed a five-headed hydra
 19026 | Lair:2   | Killed a five-headed hydra
 19691 | Lair:3   | Found a staircase to the Shoals.
 20010 | Lair:3   | Reached skill level 10 in Spellcasting
 20454 | Lair:3   | Noticed Amaemon
 20612 | Lair:3   | You fall into a shaft and drop 3 floors!
 20612 | Lair:6   | Entered Level 6 of the Lair of Beasts
 20639 | Lair:6   | Gained mutation: You are strongly in touch with the powers
                  | of death. [Mummy growth]
 20639 | Lair:6   | Reached XP level 13. HP: 79/79 MP: 17/27
 21212 | Lair:5   | Reached skill level 1 in Fighting
 21307 | Lair:5   | Reached ***** piety under Sif Muna
 21390 | Lair:5   | Received a gift from Sif Muna
 21391 | Lair:5   | Got Sif Muna's Almanac of Moulding and the Entourage {god
                  | gift}
 21622 | Lair:5   | Learned a level 7 spell: Summon Hydra
 21722 | Lair:5   | Noticed a fire dragon
 22405 | Lair:4   | Reached skill level 5 in Fighting
 23374 | Lair:3   | Killed Amaemon
 24183 | Orc:1    | Entered Level 1 of the Orcish Mines
 24240 | Orc:1    | Noticed an orc warlord
 25024 | D:12     | Reached skill level 15 in Summonings
 25024 | D:12     | Reached XP level 14. HP: 100/100 MP: 20/30
 27344 | D:13     | Found a gate to the Vaults.
 28069 | D:14     | Identified the +2 robe of Ajuehi {rElec Str+3 Dex+2}
 28732 | D:15     | Entered Level 15 of the Dungeon
 28732 | D:15     | Noticed Jorgrun
 28870 | D:11     | Killed an orc warlord
 29019 | Orc:1    | Received a gift from Sif Muna
 29020 | Orc:1    | Got Sif Muna's Collected Works on Supportive Execration
                  | {god gift}
 29042 | Orc:1    | Learned a level 5 spell: Summon Mana Viper
 29051 | Orc:1    | Learned a level 6 spell: Summon Cactus Giant
 29295 | Orc:2    | Entered Level 2 of the Orcish Mines
 29373 | Orc:2    | Noticed Azrael
 29396 | Orc:2    | Killed Azrael
 29397 | Orc:2    | Reached skill level 1 in Hexes
 29488 | Orc:2    | Found a staircase to the Elven Halls.
 29520 | Orc:2    | Noticed Josephine
 29522 | Orc:2    | Reached skill level 1 in Shields
 29547 | Orc:2    | Killed Josephine
 29548 | Orc:2    | Reached skill level 15 in Spellcasting
 30270 | Orc:2    | Reached XP level 15. HP: 105/105 MP: 13/34
 30816 | Orc:1    | Found Adomn's Book Emporium.
 30876 | Orc:2    | Noticed an orc warlord
 30892 | Orc:2    | Killed an orc warlord
 31050 | Orc:2    | Received a gift from Sif Muna
 31051 | Orc:2    | Got Sif Muna's Incunabulum of Creative Bewitchment {god
                  | gift}
 31061 | Orc:2    | Learned a level 4 spell: Summon Ice Beast
 31170 | Orc:2    | Found Deinua's General Store.
 31179 | Orc:2    | Bought a scroll of teleportation for 33 gold pieces
 31188 | Orc:2    | Found Gifouredd's Antique Weapon Boutique.
 31203 | Orc:2    | Found Qoelauv's Antique Armour Boutique.
 31219 | Orc:2    | Found Rutamusimi's Book Boutique.
 31244 | Orc:2    | Bought a +2 kite shield for 181 gold pieces
 31425 | D:15     | Reached skill level 1 in Ice Magic
 31561 | D:15     | Identified the +1 flail "Fooblov" {speed, Fly rPois Stlth+}
 31682 | D:15     | Killed Jorgrun
 31877 | D:15     | Found a staircase to the Depths.
 32430 | D:15     | Reached skill level 5 in Shields
 33688 | Snake:1  | Entered Level 1 of the Snake Pit
 33689 | Snake:1  | Noticed Louise
 33718 | Shoals:1 | Entered Level 1 of the Shoals
 34842 | Shoals:1 | Hit by a silver javelin thrown by a merfolk javelineer

Illustrated notes

Levels and vault maps discovered:
D:1:      minmay_arrival_up_and_down, layout_basic, nicolae_wormholes
D:2:      layout_basic, chequers_ecumenical_altar_island, uniq_jessica
D:3:      layout_loops_ring, mainiacjoe_overflow_concentric_impassable,
          serial_shops, shop
D:4:      layout_cave_pools, hangedman_ru_absence, serial_shops, shop,
          uniq_robin, uniq_pikel
D:5:      kb_forest_paths, layout_basic, uniq_crazy_yiuf_cottage
D:6:      layout_loops_corners, palyth_temple_overflow_mages,
          serial_bayou_pond_e, uniq_blork_the_orc
D:7:      nzn_winding_woodlands_small [nzn_winding_woodlands_5x15_lazy_stream,
          nzn_winding_woodlands_center_pierced_h,
          nzn_winding_woodlands_5x15_sidewinder], layout_basic,
          minmay_temple_entry_drinking_statues
D:8:      layout_basic, uniq_maurice, uniq_psyche
D:9:      layout_roguey, mainiacjoe_overflow_boulevard, st_stairs_8
D:10:     layout_basic, fedhas_altar_fruit_tree, uniq_grum
D:11:     layout_cave_pods, lair_entry_dummy, david_orc_4,
          nicolae_hepliaklqana_hazy_memory, uniq_erolcha, uniq_harold,
          uniq_sonja
D:12:     layout_roguey, grunt_tough_drop
D:13:     layout_irregular_city, grunt_vaults_entry_tiered
D:14:     layout_roguey, drop_trap
D:15:     gammafunk_depths_entry_grave, layout_loops_corners, uniq_jorgrun
Temple:   regret_index_temple_waves
Lair:1:   layout_loops_ring, grunt_megastairs_1
Lair:2:   layout_gridlike, minmay_snake_entry_six_corridors, wad_woods_road_03
Lair:3:   layout_layer_cave, minmay_shoals_entry_centaurs, uniq_amaemon
Lair:4:   layout_big_grid, chequers_serial_rivers_micro_c, grunt_megastairs_2
Lair:5:   layout_roguey, bobbens_dragon_lair_wall, infiniplex_staircase_pool_2
Lair:6:   evilmike_catoblepas_cave, layout_loops_ring,
          nicolae_slime_entry_slimehenge, nzn_masters_of_martial_movement,
          grunt_megastairs_5
Shoals:1: layout_shoals, gammafunk_ghost_wrathful_warriors, uniq_kirke,
          uniq_roxanne
Snake:1:  layout_misc_corridors, serial_shops, nicolae_shop_crystal,
          basic_altar, grunt_ministairs_10, lemuel_fruit_tree, uniq_louise,
          uniq_aizul
Orc:1:    layout_caves, serial_shops, nicolae_lakefront_shop
Orc:2:    grunt_orc_cross, layout_caves, basic_altar, uniq_josephine,
          uniq_azrael

Skill      XL: |  1  2  3  4  5  6  7  8  9 10 11 12 13 14 15 |
---------------+----------------------------------------------+-----
Summonings     | 4 5 6 7 8 9 10 12 13 15 16 | 16.0
Spellcasting   | 4 6 8 10 12 15 16 | 16.8
Invocations    | 3 6 7 9 |  9.0
Air Magic      | 3 5 |  5.0
Poison Magic   | 2 |  2.0
Translocations | 2 5 |  5.0
Fighting       | 6 |  6.0
Hexes          | 2 |  2.0
Shields        | 2 6 |  6.6
Ice Magic      | 2 |  2.0
Dodging        | |  1.5
Stealth        | |  1.5

Action                   |  1- 3 |  4- 6 |  7- 9 | 10-12 | 13-15 || total
-------------------------+-------+-------+-------+-------+-------++-------
Melee: Club              |    24 |       |       |       |       ||    24
       Unarmed           |     3 |       |       |       |       ||     3
       Short sword       |    16 |    16 |   139 |   176 |    36 ||   383
       Punch             |     1 |       |       |     4 |     3 ||     8
       War axe           |       |    33 |       |       |       ||    33
       Trident           |       |       |       |       |    55 ||    55
 Fire: Shortbow          |       |       |       |    60 |    39 ||    99
Throw: Stone             |     2 |       |       |       |       ||     2
 Cast: Summon Small Mamm |    30 |    10 |    11 |     1 |       ||    52
       Call Imp          |    13 |    13 |    32 |    32 |    22 ||   112
       Call Canine Famil |       |     7 |    49 |    91 |    94 ||   241
       Summon Guardian G |       |       |    10 |    51 |    72 ||   133
       Poisonous Vapours |       |       |     4 |     7 |     4 ||    15
       Summon Lightning  |       |       |     1 |    60 |    86 ||   147
       Blink             |       |       |       |     2 |     5 ||     7
       Portal Projectile |       |       |       |    16 |     3 ||    19
       Summon Hydra      |       |       |       |       |    75 ||    75
       Summon Cactus Gia |       |       |       |       |    52 ||    52
       Summon Mana Viper |       |       |       |       |    12 ||    12
       Summon Ice Beast  |       |       |       |       |    12 ||    12
Invok: Channel Magic     |       |       |       |     1 |     5 ||     6
Evoke: Wand              |       |       |     1 |       |     1 ||     2
  Use: Scroll            |       |       |    11 |     7 |     8 ||    26
 Stab: Sleeping          |     1 |     4 |     1 |     1 |       ||     7
       Distracted        |       |       |     3 |     5 |     3 ||    11
       Paralysed         |       |       |     2 |       |       ||     2
Armor: Robe              |    17 |    19 |    93 |   107 |    58 ||   294
Dodge: Dodged            |    43 |    30 |   113 |   177 |   141 ||   504
Block: Kite shield       |       |       |       |       |    39 ||    39

Table legend: (Time is in decaauts)
 A = Elapsed time spent in this place.
 B = Non-inter-level travel time spent in this place.
 C = Inter-level travel time spent in this place.
 D = Time resting spent in this place.
 E = Time spent auto-exploring this place.
 F = Levels seen in this place.
 G = Mean time per level.
                   A        B        C        D        E       F      G
               +--------+--------+--------+--------+--------+-----+--------+
         Total |  35009 |  32598 |   2411 |  10560 |   9458 |  26 | 1346.5 |
       Dungeon |  23947 |  22117 |   1830 |   6721 |   7373 |  15 | 1596.5 |
        Temple |    180 |    180 |      0 |    179 |      0 |   1 |  180.0 |
          Lair |   8075 |   7561 |    514 |   2500 |   1891 |   6 | 1345.8 |
        Shoals |    428 |    425 |      3 |    282 |      0 |   1 |  428.0 |
     Snake Pit |      2 |      2 |      0 |      0 |      0 |   1 |    2.0 |
  Orcish Mines |   2374 |   2311 |     63 |    878 |    194 |   2 | 1187.0 |
               +--------+--------+--------+--------+--------+-----+--------+

Top non-repeatable levels by time:
    D:10: 3633 daAuts
    D:11: 2443 daAuts
    D:15: 2226 daAuts
     D:6: 2140 daAuts
  Lair:3: 2087 daAuts
  Lair:2: 1995 daAuts
    D:13: 1884 daAuts
     D:8: 1744 daAuts
   Orc:2: 1674 daAuts
     D:7: 1666 daAuts
    D:12: 1544 daAuts
     D:1: 1500 daAuts
  Lair:5: 1375 daAuts
  Lair:1: 1335 daAuts
     D:9: 1183 daAuts
